 Dungeon Crawl Stone Soup version 0.28-a0-595-g9f6c0e134a (webtiles) character file.

Game seed: 11081604794681893542

0 meatgazer the Skirmisher (level 1, -3/18 HPs)
             Began as a Demonspawn Abyssal Knight on Oct 4, 2021.
             Was a Follower of Lugonu.
             Killed from afar by a wretched star (21 damage)
             ... with a lance of force
             ... on level 1 of the Abyss.
             The game lasted 00:00:31 (185 turns).

meatgazer the Skirmisher (Demonspawn Abyssal Knight) Turns: 185, Time: 00:00:31

Health: -3/18      AC:  3    Str: 13    XL:     1   Next: 0%
Magic:  2/2        EV: 11    Int: 11    God:    Lugonu [*.....]
Gold:   0          SH:  0    Dex: 13    Spells: 0/0 levels left

rFire   . . .      SeeInvis .   a - +1 falchion
rCold   . . .      Faith    .   (no shield)
rNeg    . . .      Spirit   .   b - +0 leather armour
rPois   .          Reflect  .   (no helmet)
rElec   .          Harm     .   (no cloak)
rCorr   .          Rampage  .   (no gloves)
Will    .....                   (no boots)
Stlth   +.........              (no amulet)
HPRegen 0.06/turn               (no ring)
MPRegen 0.08/turn               (no ring)

@: no status effects
A: no striking features
a: Renounce Religion, Depart the Abyss


You were on level 1 of the Abyss.
You worshipped Lugonu.
Lugonu was aware of your devotion.
You visited 0 branches of the dungeon, and saw 0 of its levels.
You visited the Abyss 1 time.

Inventory:

Hand Weapons
 a - a +1 falchion (weapon)
Armour
 b - a +0 leather armour (worn)
Scrolls
 c - a scroll of teleportation {unknown}
 f - a scroll of brand weapon {unknown}
Potions
 d - a potion of ambrosia {unknown}
 e - a potion of brilliance {unknown}


   Skills:
 + Level 3.0 Fighting
 + Level 1.7 Long Blades
 - Level 1.7 Armour
 - Level 0.8 Dodging
 + Level 2.4 Invocations


You couldn't memorise any spells.
You didn't know any spells.
Your spell library was empty.

Dungeon Overview and Level Annotations

Branches:
Dungeon (0/15)

Altars:


Message History

Welcome, meatgazer the Demonspawn Abyssal Knight.
It is said that the Orb of Zot exists deep within this dungeon.
Lugonu says: Depart the Abyss and spread corruption, my servant! (use the ability menu to exit the Abyss) Press ? for a list of commands and other information.
Found a corrupted altar of Lugonu.
Found a robe.
c - a scroll labelled YRRESS FECWISU
Found a gateway leading out of the Abyss.
d - a fizzy orange potion
Found 14 stones.
e - a fuming ruby potion A tentacled starspawn comes into view.
You barely miss the large abomination. The large abomination misses you.
Found a scroll labelled IMMERCHI JOL.
f - a scroll labelled IMMERCHI JOL
There are no items here.
A large abomination comes into view.
Tentacles burst from the starspawn's body! 2 starspawn tentacles come into view.
A wretched star comes into view.
Tentacles burst from the starspawn's body! 2 starspawn tentacles come into view.
The wretched star glows turbulently.
The lance of force hits you!!
Ouch! That really hurt!
You die...

## . .. . ## .
#####* #..#. ..#.#
#...# .#*# ...
#..#...### .#.. #
#..@##...# ..#...
##....X#.### .. ..
#.#....#..##...#
.....#.#.X....###
.......#.X.#w...#
.........#..##..#.#
....#.... .##...#.#
.#...#####..#<....##
## ...# #.....#│X
...#..


You could see a tentacled starspawn, a wretched star, 2 large abominations and a
starspawn tentacle.

Vanquished Creatures (others)
  2 starspawn tentacles (Abyss:1)
2 creatures vanquished.

Notes
Turn   | Place    | Note
-------+----------+-------------------------------------------
     0 | Abyss:1  | meatgazer the Demonspawn Abyssal Knight began the quest for
                  | the Orb.
     0 | Abyss:1  | Reached XP level 1. HP: 18/18 MP: 2/2
   154 | Abyss:1  | Noticed a tentacled starspawn
   157 | Abyss:1  | Noticed a large abomination
   176 | Abyss:1  | Noticed a large abomination
   182 | Abyss:1  | Noticed a wretched star
   185 | Abyss:1  | Killed from afar by a wretched star

Illustrated notes

Levels and vault maps discovered:
Abyss:1:  base: Temple, base:
Temple

Action                   || total
-------------------------++-------
Melee: Falchion          ||     1
Dodge: Dodged            ||     1

Table legend: (Time is in decaauts)
 A = Elapsed time spent in this place.
 B = Non-inter-level travel time spent in this place.
 C = Inter-level travel time spent in this place.
 D = Time resting spent in this place.
 E = Time spent auto-exploring this place.
 F = Levels seen in this place.
 G = Mean time per level.
                   A        B        C        D        E       F      G
               +--------+--------+--------+--------+--------+-----+--------+
         Total |    185 |    185 |      0 |      0 |    148 |   1 |  185.0 |
         Abyss |    185 |    185 |      0 |      0 |    148 |   1 |  185.0 |
               +--------+--------+--------+--------+--------+-----+--------+

Top non-repeatable levels by time:
 Abyss:1: 185 daAuts
